 Dungeon Crawl Stone Soup version 0.19.1-1-g22dce08 (webtiles) character file.

21938 OrDronus the Transmogrifier (level 12, 0/86 HPs)
             Began as a Merfolk Transmuter on Jan 5, 2017.
             Was a Priest of Hepliaklqana.
             Succumbed to a spiny frog's poison
             ... on level 1 of the Lair of Beasts on Jan 11, 2017.
             The game lasted 01:58:40 (18525 turns).

OrDronus the Transmogrifier (Merfolk Transmuter)   Turns: 18525, Time: 01:58:41

Health: 0/86       AC:  6    Str: 12    XL:     12   Next: 95%
Magic:  3/25       EV: 20    Int: 13    God:    Hepliaklqana [***...]
Gold:   899        SH:  0    Dex: 17    Spells: 8 memorised, 9 levels left

rFire  x . .     SeeInvis .       - Unarmed
rCold  + + +     Gourm    .     (armour currently unavailable)
rNeg   . . .     Faith    .     (shield currently unavailable)
rPois  +         Spirit   +     (helmet currently unavailable)
rElec  .         Reflect  .     (cloak currently unavailable)
rCorr  .         Harm     .     (gloves currently unavailable)
MR     .....                    (boots currently unavailable)
Stlth  +++.......               H - amulet of guardian spirit
                                P - ring of wizardry
                                F - +5 ring of evasion

@: lethally poisoned (0 -> -55), ice-form, repel missiles
A: (change form in water), (swift swim), (stealthy swim), reduced essence
a: End Transformation, Recall Ancestor, Ancestor Identity, Transference,
Renounce Religion


You were on level 1 of the Lair of Beasts.
You worshipped Hepliaklqana.
Hepliaklqana was most pleased with you.
You were not hungry.
You were a creature of crystalline ice.
You visited 3 branches of the dungeon, and saw 15 of its levels.
You also visited: Bailey.

You collected 899 gold pieces.

Inventory:

Missiles
 a - 181 arrows
Armour
 x - a +0 helmet (melded)
 C - a +1 robe of magic resistance (melded)
 J - a +2 pair of boots (melded)
 L - a +2 pair of gloves (melded)
Jewellery
 l - an uncursed ring of protection from cold
 p - an uncursed ring of ice
 w - an uncursed ring of protection from magic
 B - a +2 ring of intelligence
 F - a +5 ring of evasion (left front paw)
 H - an amulet of guardian spirit (around neck)
 P - a ring of wizardry (right front paw)
Wands
 k - a wand of random effects (7/48)
 I - a wand of confusion (32/48)
 Q - a wand of iceblast (4/15)
 S - a wand of acid (13/15)
Scrolls
 g - 6 scrolls of enchant armour
 i - 3 scrolls of recharging
 m - 9 scrolls of remove curse
 n - 5 scrolls of teleportation
 o - 3 scrolls of amnesia
 s - 3 scrolls of fog
 t - 5 scrolls of identify
 D - 2 scrolls of enchant weapon
Potions
 e - 2 potions of might
 f - 2 potions of curing
 j - a potion of resistance
 r - 2 potions of agility
 u - a potion of cure mutation
 v - 2 potions of flight
 z - 2 potions of cancellation {unknown}
 A - a potion of heal wounds
 G - a potion of invisibility
 K - a potion of berserk rage
 M - 3 potions of brilliance
 N - a potion of lignification
 O - 4 potions of haste
Books
 c - a book of Changes

   Spells                             Type                      Level
   a - Beastly Appendage              Transmutation                1
   b - Sticks to Snakes               Transmutation                2
   c - Spider Form                    Transmutation/Poison         3
   d - Ice Form                       Ice/Transmutation            4
   e - Blade Hands                    Transmutation                5
 y - a book of Air

   Spells                             Type                      Level
   a - Shock                          Conjuration/Air              1
   b - Swiftness                      Charms/Air                   2
   c - Repel Missiles                 Charms/Air                   2
   d - Static Discharge               Conjuration/Air              3
   e - Lightning Bolt                 Conjuration/Air              5
Comestibles
 d - 10 bread rations
 h - 6 meat rations
 q - 12 beef jerkies
 E - a slice of pizza


   Skills:
 + Level 3.4 Fighting
 + Level 7.7 Dodging
 + Level 5.0 Stealth
 + Level 12.0 Unarmed Combat
 + Level 9.0 Spellcasting
 + Level 5.7 Conjurations
 + Level 7.1 Charms
 + Level 12.2 Transmutations
 + Level 1.8 Ice Magic
 - Level 0.1 Air Magic
 + Level 2.9 Poison Magic


You had 9 spell levels left.
You knew the following spells:

 Your Spells              Type           Power        Failure   Level  Hunger
a - Beastly Appendage     Tmut           #####.       1%          1    None
b - Sticks to Snakes      Tmut           #####...     1%          2    None
c - Spider Form           Tmut/Pois      ####......   1%          3    ##.....
d - Blade Hands           Tmut           #####.....   1%          5    #####..
e - Shock                 Conj/Air       ##..         1%          1    None
f - Repel Missiles        Chrm/Air       ###...       2%          2    None
g - Swiftness             Chrm/Air       ###.....     2%          2    None
h - Ice Form              Ice/Tmut       ###.....     4%          4    ####...


Dungeon Overview and Level Annotations

Branches:
Dungeon (13/15)            Temple (1/1) D:5            Lair (1/6) D:9
    Orc (0/2) D:9          Vaults (0/5) D:13

Altars:
Ashenzari
Cheibriados
Dithmenos
Elyvilon
Fedhas
Gozag
Hepliaklqana
Kikubaaqudgha
Makhleb
Nemelex Xobeh
Okawaru
Qazlal
Ru
Sif Muna
Trog
Uskayaw
Vehumet
Xom
Yredelemnul
Zin
The Shining One

Shops:
D:7 %

Annotations:
D:3 exclusions: orc wizard and 1 more exclusion
D:11 exclusion: ugly thing, Josephine
D:12 exclusion: ugly thing
D:13 exclusion: upstairs, Kirke, Nessos


Message History

Your +1 robe of magic resistance unmelds from your body.
You feel resistant to hostile enchantments.
You turn into a creature of crystalline ice.
Your +0 helmet melds into your body.
Your +2 pair of gloves melds into your body.
Your +2 pair of boots melds into your body.
Your +1 robe of magic resistance melds into your body.
You feel less resistant to hostile enchantments.
You feel very sick.
Enheduana hits the spiny frog but does no damage.
The spiny frog stings you!!
* * * LOW HITPOINT WARNING * * *
The water moccasin bites you.
* * * LOW HITPOINT WARNING * * *
* * * LOW HITPOINT WARNING * * *
You feel very sick.
The spiny frog stings Enheduana!
Enheduana gestures at the spiny frog while chanting.
The spiny frog appears confused.
You die...

## ......... ... ..
........ . .#... #.#....#
#.. ..P
####...####.#.##.###..
.... .....................
....##P.#.................
..........................
.......R####.#.#.##.......
......FS.Y................
#..#..#P.###..............
.........................
#.#......>.........###.#..
..........................
.............##.#.........
..........................
..............†..####.###
.........................


You could see the friendly Enheduana the hexer, a spiny frog (confused) and a
water moccasin.

Vanquished Creatures
  Gastronok (D:12)
  Harold (D:10)
  2 hydras
  A centaur warrior (D:13)
  Sonja (D:11)
  Urug (D:10)
  The ghost of BogdanSil the Cleaver, a novice HOFi of Makhleb (D:9)
  2 hill giants (D:13)
  An orc knight (D:13)
  A manticore (D:12)
  2 centaur zombies
  Psyche (D:10)
  2 centaur skeletons (D:13)
  2 komodo dragons (Lair:1)
  4 trolls
  A two-headed ogre (D:10)
  2 hornets
  4 hippogriffs
  2 wyverns
  5 humans (D:13)
  4 hogs (D:13)
  A basilisk (Lair:1)
  A hungry ghost (D:8)
  3 water moccasins
  3 porcupines (D:11)
  A swamp drake (D:9)
  10 orc warriors
  3 ice beasts
  A necrophage (D:9)
  8 ogres
  A crocodile (Lair:1)
  4 centaurs
  3 big kobolds
  Blork the orc (D:4)
  6 bullfrogs
  A gnoll sergeant (D:6)
  A wyvern skeleton (D:7)
  A water moccasin skeleton (D:12)
  2 scorpions
  10 killer bees
  2 howler monkeys
  2 wights (D:11)
  2 bullfrog zombies
  5 crimson imps
  4 jellies
  5 orc priests
  6 hounds
  11 orc wizards
  7 iguanas
  Ijyb (D:3)
  5 worker ants
  2 hound skeletons
  5 gnolls
  10 adders
  2 shadow imps (D:7)
  An ooze (D:4)
  2 adder zombies (D:7)
  2 worms
  An adder skeleton (D:8)
  2 dart slugs
  4 leopard geckos
  39 orcs
  5 giant cockroaches
  8 goblins
  5 hobgoblins
  10 jackals
  15 kobolds
  5 quokkas
  2 ball pythons
  5 bats
  3 frilled lizards
  A quokka zombie (D:8)
  13 rats
294 creatures vanquished.

Vanquished Creatures (collateral kills)
  An unseen horror (D:10)
  3 hill giants
  2 humans (D:13)
  A black bear (D:9)
  3 ogres (D:8)
  A bullfrog (D:11)
  A killer bee (D:7)
  A wight (D:11)
  A hound (D:10)
  2 bullfrog zombies
  3 orc priests
  A centaur skeleton (D:9)
  A worker ant (D:11)
  A worker ant zombie (D:9)
  Robin (D:4)
  A howler monkey skeleton (D:10)
  A gnoll (D:9)
  A shadow imp (D:7)
  8 orcs
  4 goblins (D:4)
  3 kobolds
41 creatures vanquished.

Vanquished Creatures (others)
  7 hexers
  4 ancestors
  An orc (D:9)
  28 plants (D:11)
40 creatures vanquished.

Grand Total: 375 creatures vanquished

Notes
Turn   | Place    | Note
-------+----------+-------------------------------------------
     0 | D:1      | OrDronus the Merfolk Transmuter began the quest for the Orb.
     0 | D:1      | Reached XP level 1. HP: 15/15 MP: 3/3
   329 | D:1      | Reached XP level 2. HP: 21/21 MP: 3/5
   661 | D:1      | Learned a level 2 spell: Sticks to Snakes
   789 | D:2      | Found an iron altar of Okawaru.
   829 | D:2      | Reached XP level 3. HP: 26/26 MP: 4/6
  1108 | D:2      | Found a blossoming altar of Fedhas.
  1697 | D:3      | Found a basalt altar of Yredelemnul.
  2106 | D:3      | Found a faded altar of an unknown god.
  2146 | D:3      | Noticed Ijyb
  2165 | D:3      | Killed Ijyb
  2165 | D:3      | Reached skill level 1 in Stealth
  2165 | D:3      | Reached XP level 4. HP: 28/32 MP: 5/7
  2473 | D:3      | Learned a level 3 spell: Spider Form
  2637 | D:4      | Noticed Robin
  2984 | D:4      | Reached XP level 5. HP: 20/37 MP: 0/9
  2988 | D:4      | Killed Robin
  3189 | D:4      | Noticed Blork the orc
  3211 | D:4      | Killed Blork the orc
  3283 | D:4      | Reached XP level 6. HP: 43/43 MP: 9/11
  3532 | D:4      | Found a radiant altar of Vehumet.
  3610 | D:4      | Reached skill level 5 in Unarmed Combat
  3752 | D:4      | Found an opulent altar of Gozag.
  3798 | D:4      | Found a glowing golden altar of the Shining One.
  3918 | D:5      | Entered Level 5 of the Dungeon
  4290 | D:5      | Reached skill level 5 in Transmutations
  4290 | D:5      | Reached XP level 7. HP: 48/48 MP: 2/12
  5323 | D:5      | Found a staircase to the Ecumenical Temple.
  5377 | Temple   | Entered the Ecumenical Temple
  6138 | D:6      | Noticed a hill giant
  6447 | D:6      | Noticed a hill giant
  6614 | D:6      | Reached XP level 8. HP: 56/56 MP: 10/14
  6660 | D:6      | Reached skill level 1 in Poison Magic
  7300 | D:6      | Killed a hill giant
  7300 | D:6      | Reached skill level 5 in Spellcasting
  7404 | D:6      | Reached skill level 5 in Dodging
  7533 | D:6      | Found a stormy altar of Qazlal.
  7598 | D:6      | Killed a hill giant
  7823 | D:6      | Reached XP level 9. HP: 61/61 MP: 14/17
  7930 | D:7      | Found an ancient bone altar of Kikubaaqudgha.
  8034 | D:7      | Noticed a green ugly thing
  8094 | D:7      | Found a hazy altar of Hepliaklqana.
  8097 | D:7      | Became a worshipper of Hepliaklqana the Forgotten
  8498 | D:7      | Found Juetiu's Food Shoppe.
  8680 | D:7      | Learned a level 5 spell: Blade Hands
  8682 | D:7      | Learned a level 1 spell: Shock
  8685 | D:7      | Learned a level 2 spell: Repel Missiles
  8688 | D:7      | Learned a level 2 spell: Swiftness
  9014 | D:7      | Learned a level 4 spell: Ice Form
  9158 | D:7      | Reached XP level 10. HP: 60/60 MP: 16/20
  9481 | D:8      | Reached skill level 1 in Ice Magic
  9497 | D:8      | Reached * piety under Hepliaklqana
  9514 | D:8      | Reached skill level 1 in Charms
  9559 | D:8      | Reached skill level 1 in Conjurations
  9889 | D:9      | Noticed BogdanSil's ghost (novice HOFi)
  9974 | D:9      | Killed BogdanSil's ghost
 10573 | D:9      | Noticed a hill giant
 10684 | D:9      | Killed a hill giant
 10684 | D:9      | Reached skill level 10 in Transmutations
 10837 | D:9      | Found a staircase to the Lair.
 11317 | D:9      | Found a staircase to the Orcish Mines.
 11507 | D:9      | Reached XP level 11. HP: 57/65 MP: 19/22
 11532 | D:9      | Found a faded altar of an unknown god.
 11532 | D:9      | Found a faded altar of an unknown god.
 11537 | D:9      | Found a faded altar of an unknown god.
 11539 | D:9      | Found a hide-covered altar of Uskayaw.
 11540 | D:9      | Found a faded altar of an unknown god.
 11768 | D:10     | Entered Level 10 of the Dungeon
 11768 | D:10     | Found a shattered altar of Ashenzari.
 11769 | D:10     | Noticed Urug
 11776 | D:10     | Noticed Harold
 12109 | D:10     | Killed Harold
 12109 | D:10     | Reached skill level 10 in Unarmed Combat
 12169 | D:10     | Killed an unseen horror
 12714 | D:10     | Noticed Psyche
 12726 | D:10     | Killed Psyche
 13247 | D:11     | Noticed Josephine
 13291 | D:11     | Noticed Sonja
 13465 | D:11     | Reached ** piety under Hepliaklqana
 13466 | D:11     | Remembered your ancestor Enheduana as a hexer
 13510 | D:11     | Found a flagged portal.
 13520 | Bailey   | Entered a bailey
 13601 | Bailey   | Noticed an orc knight
 15189 | D:11     | Found an opulent altar of Gozag.
 15291 | D:11     | Noticed a brown ugly thing
 15375 | D:11     | Killed Sonja
 15601 | D:12     | Noticed a manticore
 15614 | D:12     | Killed a manticore
 15614 | D:12     | Reached skill level 5 in Charms
 15910 | D:12     | Found a shimmering altar of Xom.
 15952 | D:12     | Noticed a purple ugly thing
 15994 | D:12     | Noticed Gastronok
 16003 | D:12     | Killed Gastronok
 16003 | D:12     | Reached XP level 12. HP: 34/72 MP: 9/24
 16792 | D:13     | Found a gate to the Vaults.
 16792 | D:13     | Noticed a centaur warrior
 16792 | D:13     | Noticed a centaur warrior
 17038 | D:13     | Noticed Kirke
 17043 | D:13     | Noticed a sphinx
 17579 | D:13     | Reached *** piety under Hepliaklqana
 17604 | D:13     | Noticed a seven-headed hydra
 17664 | D:13     | Killed a seven-headed hydra
 17834 | D:13     | Reached skill level 5 in Conjurations
 17861 | D:13     | Reached skill level 5 in Stealth
 17882 | D:13     | Noticed Nessos
 17985 | D:13     | Killed a centaur warrior
 18203 | D:10     | Killed Urug
 18322 | Lair:1   | Entered Level 1 of the Lair of Beasts
 18461 | Lair:1   | Noticed a six-headed hydra
 18471 | Lair:1   | Killed a six-headed hydra
 18525 | Lair:1   | Succumbed to a spiny frog's poison

Skill      XL: |  1  2  3  4  5  6  7  8  9 10 11 12 |
---------------+-------------------------------------+-----
Transmutations | 3 4 5 6 7 8 10 11 12 | 12.2
Unarmed Combat | 4 5 6 7 8 9 10 12 | 12.0
Dodging        | 3 4 5 6 7 |  7.7
Stealth        | 1 2 3 4 5 |  5.0
Spellcasting   | 3 4 5 6 7 8 9 |  9.0
Poison Magic   | 2 |  2.9
Fighting       | 2 3 |  3.4
Ice Magic      | 1 |  1.8
Charms         | 3 5 7 |  7.1
Conjurations   | 2 4 5 |  5.7
Air Magic      | |  0.1

Action                   |  1- 3 |  4- 6 |  7- 9 | 10-12 || total
-------------------------+-------+-------+-------+-------++-------
Melee: Unarmed           |   117 |   125 |   276 |   591 ||  1109
       Headbutt          |    18 |    16 |    26 |    37 ||    97
       Punch             |     1 |     2 |     1 |    25 ||    29
 Cast: Beastly Appendage |    33 |    24 |    26 |    39 ||   122
       Sticks to Snakes  |     1 |     9 |    29 |    37 ||    76
       Spider Form       |       |     6 |    22 |    13 ||    41
       Ice Form          |       |       |     2 |    14 ||    16
       Repel Missiles    |       |       |     1 |       ||     1
       Blade Hands       |       |       |       |    30 ||    30
       Shock             |       |       |       |    43 ||    43
Invok: Ancestor Identity |       |       |     1 |       ||     1
       Recall Ancestor   |       |       |       |     5 ||     5
       Ancestor Life: He |       |       |       |     1 ||     1
 Abil: End Transformatio |       |       |     2 |     1 ||     3
  Use: Scroll            |       |    12 |     4 |    12 ||    28
       Potion            |       |       |       |     2 ||     2
 Stab: Sleeping          |     5 |     2 |     2 |     8 ||    17
       Distracted        |       |       |     3 |     3 ||     6
       Confused          |       |       |       |     2 ||     2
  Eat: Chunk             |     5 |     8 |    15 |    37 ||    65
       Pizza             |       |       |     2 |     1 ||     3
       Fruit             |       |       |       |     4 ||     4
Armor: Robe              |    16 |    16 |    33 |    31 ||    96
       Skin              |       |     1 |     9 |    12 ||    22
Dodge: Dodged            |    81 |    88 |   235 |   556 ||   960
       Deflected         |       |       |       |     3 ||     3
